 Dungeon Crawl Stone Soup version 0.27.1-3-gb3d3a73c9e (webtiles) character file.

Game seed: 13682458929734656823

22 barney the Changer (level 2, -1/23 HPs)
             Began as a Draconian Transmuter on Oct 5, 2021.
             Slain by Sigmund (3 damage)
             ... on level 2 of the Dungeon.
             The game lasted 00:01:03 (1222 turns).

barney the Changer (Draconian Transmuter)           Turns: 1222, Time: 00:01:03

Health: -1/23      AC:  4    Str: 12    XL:     2   Next: 68%
Magic:  4/5        EV: 12    Int: 13    God:
Gold:   56         SH:  0    Dex: 11    Spells: 4/5 levels left

rFire    . . .     SeeInvis .     - Unarmed
rCold    . . .     Faith    .   (no shield)
rNeg     . . .     Spirit   .   (armour unavailable)
rPois    .         Reflect  .   (helmet currently unavailable)
rElec    .         Harm     .   (no cloak)
rCorr    .         Rampage  .   (no gloves)
Will     .....                  (boots currently unavailable)
Stlth    +.........             (no amulet)
HPRegen  0.07/turn              (no ring)
MPRegen  0.09/turn              (no ring)

@: appendages
A: horns 2, talons 2, AC +4, unfitting armour, cold-blooded
a: End Transformation


You were on level 2 of the Dungeon.
You had temporarily grown beastly horns and talons.
You visited 1 branch of the dungeon, and saw 2 of its levels.

You collected 56 gold pieces.

Inventory:

Scrolls
 a - a scroll of amnesia {unknown}
 b - a scroll of magic mapping {unknown}
 c - a scroll of fear {unknown}
 d - 3 scrolls of teleportation {unknown}
 e - a scroll of summoning {unknown}
 f - a scroll of blinking {unknown}


   Skills:
 - Level 1.1 Fighting
 - Level 1.7 Dodging
 - Level 3.0 Unarmed Combat
 - Level 2.0 Spellcasting
 + Level 3.3 Transmutations


You had 4 spell levels left.
You knew the following spells:

 Your Spells              Type           Power      Damage    Failure   Level
a - Beastly Appendage     Tmut           18%        N/A       6%          1

Your spell library contained the following spells:

 Spells                   Type           Power      Damage    Failure   Level
 Wereblood                Tmut           9%         N/A       10%         2
 Spider Form              Tmut/Pois      2%         N/A       36%         3
 Ice Form                 Ice/Tmut       5%         N/A       77%         4


Dungeon Overview and Level Annotations

Branches:
Dungeon (2/15)

Altars:

Shops:
D:1 ?**=

Annotations:
D:2 Sigmund


Innate Abilities, Weirdness & Mutations

You have temporarily grown beastly horns and talons.
Your plain brown scales are hard. (AC +4)
You cannot fit into any form of body armour.
You are cold-blooded and may be slowed by cold attacks.


Message History

The magic dart hits you.
You're too confused to cast spells.
Sorry, you're not good enough to have a special ability.
Unknown command.
Sigmund closely misses you.
You bump into the rock wall.
You bump into the rock wall.
Sigmund screams, "I am the angel of ZOT!!!"
Sigmund closely misses you. Sigmund gestures at you while chanting.
You resist with significant effort.
You feel less confused. Sigmund barely misses you.
You hit Sigmund but do no damage. You tail-slap Sigmund.
Sigmund is lightly wounded.
Sigmund barely misses you.
You barely miss Sigmund.
Sigmund is lightly wounded.
Sigmund flickers, as though insubstantial.
Sigmund hits you with a +0 scythe.
You hit Sigmund but do no damage.
Sigmund is lightly wounded.
You hit Sigmund.
Sigmund is lightly wounded.
Sigmund hits you with a +0 scythe!
* * * LOW HITPOINT WARNING * * *
Unknown command.
You aren't carrying any potions.
You hit Sigmund. You tail-slap Sigmund.
Sigmund is moderately wounded.
You hit Sigmund.
Sigmund is moderately wounded.
Sigmund mumbles some strange words.
Sigmund flickers and vanishes!
Deactivating autopickup; reactivate with Ctrl-A.
Casting: Beastly Appendage (safe; 6% risk of failure)
Confirm with . or Enter, or press ? or * to list all spells.
You grow a pair of large bovine horns.
Your feet morph into talons.
Something hits you.
You die...

### ### #.#########.#
##########
#...........###.........
#.#########...#.########
#.###########.#.#
#.........†.#.#.#
###########...#'####
......{@...........#####
..####>.................
#.####........##### #+
#.............
#.#+#+###..... #.#
#..... ... #..... ....
#..... #.....


There were no monsters in sight!

Vanquished Creatures
  A worm (D:2)
  4 bats
  A giant cockroach (D:2)
  2 goblins
  A hobgoblin (D:1)
  A quokka (D:1)
  3 ball pythons (D:2)
  A frilled lizard (D:1)
  3 kobolds
  A rat (D:1)
18 creatures vanquished.

Notes
Turn   | Place    | Note
-------+----------+-------------------------------------------
     0 | D:1      | barney the Draconian Transmuter began the quest for the
                  | Orb.
     0 | D:1      | Reached XP level 1. HP: 16/16 MP: 3/3
    89 | D:1      | Found Xuneiz's Jewellery Shoppe.
   145 | D:1      | Found Dixobet's Magic Scroll Shop.
   463 | D:1      | Found Hesob's Assorted Antiques.
   660 | D:1      | Found Xeok's Assorted Antiques.
   670 | D:1      | Reached XP level 2. HP: 23/23 MP: 5/5
   695 | D:1      | Found Xoaxam's Antique Weapon Boutique.
  1202 | D:2      | Noticed Sigmund
  1222 | D:2      | Slain by Sigmund

Illustrated notes

Levels and vault maps discovered:
D:1:      amcnicky_arrival_choice, layout_basic, serial_shops,
          nicolae_shop_statue_plus, shop, nicolae_shop_crystal,
          nicolae_shop_crystal, nicolae_square_shop
D:2:      layout_basic, uniq_crazy_yiuf_cottage, uniq_sigmund

Skill      XL: |  1  2 |
---------------+-------+-----
Transmutations | 3 |  3.3
Fighting       | |  1.1
Dodging        | |  1.7
Unarmed Combat | |  3.0
Spellcasting   | |  2.0

Action                   || total
-------------------------++-------
Melee: Unarmed           ||    55
       Kick              ||     9
       Headbutt          ||     3
       Tailslap          ||     6
       Punch             ||     2
 Cast: Beastly Appendage ||    13
Armor: Skin              ||    24
Dodge: Dodged            ||    42
